 Dungeon Crawl Stone Soup version 0.28-a0-1594-ga885d4b3d6 (webtiles) character file.

Game seed: 11638999776706449121

8300 issech the Basher (level 11, 0/107 HPs)
             Began as a Troll Fighter on Jan 21, 2022.
             Was an Elder of Wu Jian.
             Shot with an arrow by a centaur (7 damage)
             ... on level 9 of the Dungeon.
             The game lasted 00:56:32 (9598 turns).

issech the Basher (Troll Fighter)                   Turns: 9598, Time: 00:56:33

Health: 0/107      AC:  7    Str: 26    XL:     11   Next: 8%
Magic:  10/10      EV: 11    Int:  4    God:    Wu Jian [****..]
Gold:   469        SH: 10    Dex: 13    Spells: 3/10 levels left

rFire   . . .      SeeInvis .   d - +5 morningstar (flame)
rCold   . . .      Faith    .   c - +1 kite shield
rNeg    . . .      Spirit   .   r - +0 steam dragon scales
rPois   +          Reflect  .   (helmet restricted)
rElec   .          Harm     .   (no cloak)
rCorr   .          Rampage  .   (gloves unavailable)
Will    .....                   (boots unavailable)
Stlth   ++........              X - amulet of regeneration
HPRegen 1.87/turn               b - ring of poison resistance
MPRegen 0.12/turn               (no ring)

@: studying Shields
A: large, unfitting armour, claws 3, regeneration 1, shaggy fur 1, tough skin 1
a: Renounce Religion, Wall Jump, Serpent's Lash


You were on level 9 of the Dungeon.
You worshipped Wu Jian.
Wu Jian was greatly pleased with you.
You visited 1 branch of the dungeon, and saw 10 of its levels.
You also visited: Ossuary and Bailey.

You collected 553 gold pieces.
You spent 84 gold pieces at shops.

Inventory:

Hand Weapons
 d - a +5 morningstar of flaming (weapon)
 h - a +2 arbalest of freezing
 o - a +4 dagger of chaos
 J - a +2 whip of flaming
 P - a +0 flail of holy wrath
 Q - a +1 halberd of freezing
 R - a +4 flail of protection
Missiles
 f - 356 stones
 g - 76 arrows
 k - 56 sling bullets
 m - 287 bolts
 t - 4 large rocks (quivered)
 w - 3 boomerangs
 x - 17 poisoned darts
 I - a throwing net
 M - 2 atropa-tipped darts
 S - a curare-tipped dart
Armour
 a - a +0 troll leather armour
 c - a +1 kite shield (worn)
 r - +0 steam dragon scales (worn)
 N - a +1 robe of resistance
Magical Staves
 u - a staff of air
Jewellery
 b - a ring of poison resistance (left claw)
 K - an amulet of the acrobat
 X - an amulet of regeneration (around neck)
Wands
 s - a wand of acid (12)
 D - a wand of digging (7)
 G - a wand of flame (75)
 H - a wand of polymorph (10)
Scrolls
 i - a scroll of fear
 q - 3 scrolls of magic mapping
 y - 2 scrolls of teleportation
 A - 2 scrolls of holy word
 F - a scroll of immolation
 L - 4 scrolls of amnesia
 Y - a scroll of torment
Potions
 e - a potion of degeneration
 j - 2 potions of resistance
 l - 2 potions of haste
 n - 3 potions of heal wounds
 p - 3 potions of attraction
 v - 2 potions of mutation
 z - 4 potions of lignification
 B - a potion of berserk rage {unknown}
 C - 2 potions of cancellation
 E - a potion of curing {unknown}
 O - a potion of invisibility
 T - a potion of magic
 U - a potion of might
 Z - a potion of experience


   Skills:
 + Level 6.5 Fighting
 + Level 10.5 Maces & Flails
 + Level 1.5 Throwing
 + Level 6.4 Dodging
 + Level 1.9 Stealth
 + Level 7.3 Shields


You had 3 spell levels left.
You knew the following spells:

 Your Spells              Type           Power      Damage    Failure   Level
a - Passwall              Tmut/Erth      0%         N/A       87%         2
b - Wereblood             Tmut           0%         N/A       87%         2
c - Ozocubu's Armour      Ice            0%         N/A       98%         3

Your spell library contained the following spells:

 Spells                   Type           Power      Damage    Failure   Level
 Sandblast                Erth           0%         2d4       75%         1
 Shock                    Conj/Air       0%         1d3       75%         1
 Static Discharge         Conj/Air       0%         N/A       87%         2
 Sublimation of Blood     Necr           0%         N/A       87%         2
 Ignite Poison            Fire/Tmut/Pois 0%         N/A       98%         3
 Mephitic Cloud           Conj/Pois/Air  0%         N/A       98%         3
 Stone Arrow              Conj/Erth      0%         3d7       98%         3
 Swiftness                Air            0%         N/A       98%         3
 Airstrike                Air            0%         N/A       100%        4
 Dispel Undead            Necr           0%         3d6       100%        4
 Sticky Flame             Conj/Fire      0%         2d3       100%        4
 Freezing Cloud           Conj/Ice/Air   0%         6-21      100%        5
 Metabolic Englaciation   Hex/Ice        0%         N/A       100%        5
 Simulacrum               Ice/Necr       0%         N/A       100%        6
 Summon Hydra             Summ           0%         N/A       100%        7


Dungeon Overview and Level Annotations

Branches:
Dungeon (10/15)            Temple (0/1) D:5             Orc (0/2) D:10
Ossuary (visited)          Bailey (visited)
   Lair: D:8-11

Altars:
Gozag
Hepliaklqana
Makhleb
Okawaru
Uskayaw
Wu Jian
The Shining One
Beogh

Shops:
D:2 [   D:6 [   D:9 ::[?[

Annotations:
D:10 Gastronok


Innate Abilities, Weirdness & Mutations

You are too large for most types of armour.
You have claws for hands.
Your natural rate of healing is unusually fast.
You are covered in fur. (AC +1)
You have tough skin. (AC +1)


Message History

The centaur shoots an arrow.
You block the arrow.
The centaur shoots an arrow.
The arrow barely misses you.
The centaur shoots an arrow.
The arrow hits you.
The centaur shoots an arrow.
The arrow hits you! The arrow freezes you.
You hear a shout!
Found Vuve's Armour Shoppe.
The centaur shouts!
The centaur shoots an arrow.
The arrow completely misses you.
The centaur shoots an arrow.
The arrow hits you.
The centaur shoots an arrow.
The arrow hits you. The arrow freezes you.
The centaur shoots an arrow.
You block the arrow.
The centaur shoots an arrow.
You block the arrow.
The centaur shoots an arrow.
The arrow hits you but does no damage.
The centaur shoots an arrow.
The arrow hits you! The arrow freezes you.
The centaur shoots an arrow.
The arrow hits you.
The centaur shoots an arrow.
The arrow hits you. The arrow freezes you.
The centaur shoots an arrow.
The arrow hits you.
* * * LOW HITPOINT WARNING * * *
The centaur shoots an arrow.
The arrow barely misses you.
The centaur shoots an arrow.
You block the arrow.
The centaur shoots an arrow.
The arrow closely misses you.
The centaur shoots an arrow.
The arrow hits you!
* * * LOW HITPOINT WARNING * * *
The centaur shoots an arrow.
The arrow barely misses you.
The centaur shoots an arrow.
The arrow closely misses you.
The centaur shoots an arrow.
The arrow hits you!
* * * LOW HITPOINT WARNING * * *
The centaur shoots an arrow.
The arrow hits you.
* * * LOW HITPOINT WARNING * * *
The centaur shoots an arrow.
The arrow hits you.
* * * LOW HITPOINT WARNING * * *
The arrow freezes you.
* * * LOW HITPOINT WARNING * * *
Unknown command.
Okay, then.
The centaur shoots an arrow.
You block the arrow.
The centaur shoots an arrow.
You block the arrow.
The centaur shoots an arrow.
The arrow closely misses you.
The centaur shoots an arrow.
The arrow barely misses you.
The centaur shoots an arrow.
The arrow barely misses you.
The centaur shoots an arrow.
The arrow hits you.
* * * LOW HITPOINT WARNING * * *
The centaur shoots an arrow.
The arrow hits you!
You die...

##### ....# ######
....############ #....#
....##.........# ##'##.#
....##......∩..# #≈≈≈#.#####
...............# +≈≈≈'......
.....#........(######.#≈≈≈#...###
.....#..........@∩....##+######
.....#.........#.####...
....###.##≈≈≈≈##...
....###..≈≈≈≈≈≈≈≈...#
###.#≈≈≈≈≈≈≈≈≈≈≈≈≈≈≈###
##≈≈≈≈≈≈≈≈≈≈≈≈≈≈≈≈≈≈≈≈≈# ##
.≈≈≈≈≈≈≈≈≈≈≈≈≈cc≈≈≈≈≈≈≈≈##### #.
.≈≈≈≈≈≈≈≈≈≈≈cc.c.c≈≈≈≈≈≈....# #.
.≈≈≈≈≈≈≈≈≈≈... ≈≈≈≈≈...># #.


You could see 5 centaurs.

Vanquished Creatures
  A two-headed ogre (D:10)
  An orc knight (Bailey)
  Joseph (D:8)
  Psyche (D:8)
  A komodo dragon (D:10)
  A troll (D:9)
  A shadow (D:10)
  A wyvern (D:9)
  3 steam dragons
  Edmund (D:6)
  An ice beast (D:6)
  A sky beast (D:7)
  A hornet zombie (D:8)
  16 orc warriors
  3 ogres
  A necrophage (D:4)
  2 phantoms
  A centaur (D:7)
  5 elf zombies (Ossuary)
  2 kobold brigands (D:9)
  A scorpion (D:6)
  A gnoll sergeant (D:9)
  7 bullfrogs
  A wyvern skeleton (D:7)
  7 killer bees (D:10)
  5 howler monkeys
  A bullfrog zombie (D:6)
  5 centaur zombies
  2 hounds
  A jelly (D:6)
  2 bullfrog skeletons
  4 human zombies (Ossuary)
  3 orc priests
  A gnoll shaman (D:5)
  Ijyb (D:3)
  3 iguanas
  4 orc wizards
  A killer bee zombie (D:7)
  7 ogre zombies (D:10)
  A hound zombie (D:5)
  A hound skeleton (D:4)
  3 mummies (Ossuary)
  A howler monkey skeleton (D:6)
  A howler monkey zombie (D:9)
  Robin (D:1)
  11 gnolls
  3 adders
  3 white imps
  An adder skeleton (D:4)
  A worm (D:3)
  2 dart slugs
  47 orcs
  2 bats
  3 endoplasms
  10 giant cockroaches (D:3)
  15 goblins
  7 hobgoblins
  14 jackals
  5 quokkas
  6 ball pythons (D:1)
  5 frilled lizards
  A goblin skeleton (D:10)
  A goblin zombie (D:10)
  A hobgoblin zombie (D:10)
  13 kobolds
  3 orc skeletons (D:10)
  15 orc zombies (D:10)
  5 rats
284 creatures vanquished.

Vanquished Creatures (collateral kills)
  A bullfrog (D:6)
  A bullfrog zombie (D:6)
  An orc (D:6)
3 creatures vanquished.

Vanquished Creatures (others)
  A bullfrog (D:8)
  2 orcs (D:8)
3 creatures vanquished.

Grand Total: 290 creatures vanquished

Notes
Turn   | Place    | Note
-------+----------+-------------------------------------------
     0 | D:1      | issech the Troll Fighter began the quest for the Orb.
     0 | D:1      | Reached XP level 1. HP: 22/22 MP: 0/0
   261 | D:1      | Reached XP level 2. HP: 27/29 MP: 1/1
   337 | D:1      | Reached skill level 2 in Maces & Flails
   533 | D:1      | Found a faded altar of an unknown god.
  1229 | D:2      | Noticed Robin
  1229 | D:2      | Found Laxkoe's Antique Armour Emporium.
  1274 | D:1      | Reached XP level 3. HP: 27/36 MP: 2/2
  1438 | D:1      | Killed Robin
  1881 | D:1      | Reached XP level 4. HP: 34/44 MP: 3/3
  2599 | D:3      | Reached skill level 3 in Maces & Flails
  2692 | D:3      | Found an iron altar of Okawaru.
  2768 | D:3      | Reached XP level 5. HP: 52/52 MP: 4/4
  2885 | D:3      | Noticed Ijyb
  3087 | D:3      | Killed Ijyb
  3315 | D:4      | Noticed a necrophage
  3317 | D:4      | Found a sand-covered staircase.
  3329 | D:4      | Killed a necrophage
  3342 | Ossuary  | Entered an ossuary
  3355 | Ossuary  | Reached XP level 6. HP: 50/61 MP: 5/5
  3459 | Ossuary  | Reached skill level 4 in Maces & Flails
  3501 | Ossuary  | Reached XP level 7. HP: 64/67 MP: 6/6
  3724 | Ossuary  | Reached skill level 5 in Maces & Flails
  4033 | D:4      | Identified a scroll of acquirement
  4033 | D:4      | Acquired a +5 morningstar of flaming
  4198 | D:4      | Found an ornate altar of the Wu Jian Council.
  4218 | D:4      | Became a worshipper of the Wu Jian Council
  4647 | D:5      | Entered Level 5 of the Dungeon
  4666 | D:5      | Reached XP level 8. HP: 78/78 MP: 7/7
  4707 | D:5      | Found a burning altar of Makhleb.
  4707 | D:5      | Noticed a blizzard demon
  4711 | D:5      | Noticed an orange demon
  4865 | D:5      | Found a hazy altar of Hepliaklqana.
  4879 | D:5      | Found a hide-covered altar of Uskayaw.
  4879 | D:5      | Noticed a +0 dagger
  4882 | D:5      | Noticed a +0 dagger
  5000 | D:5      | Found a staircase to the Ecumenical Temple.
  5237 | D:6      | Reached skill level 6 in Maces & Flails
  5377 | D:6      | Reached * piety under Wu Jian
  5428 | D:6      | Found Vumio's Armour Boutique.
  5549 | D:6      | Found a glowing golden altar of the Shining One.
  5618 | D:6      | Found an opulent altar of Gozag.
  5727 | D:6      | Noticed Edmund
  5736 | D:6      | Killed Edmund
  5737 | D:6      | Reached skill level 7 in Maces & Flails
  5863 | D:7      | Reached skill level 5 in Fighting
  5864 | D:7      | Reached XP level 9. HP: 50/88 MP: 8/8
  6058 | D:7      | Reached skill level 5 in Dodging
  6269 | D:7      | Reached skill level 8 in Maces & Flails
  6593 | D:8      | Found a flagged portal.
  6631 | Bailey   | Entered a bailey
  6658 | Bailey   | Reached skill level 5 in Shields
  6718 | Bailey   | Reached ** piety under Wu Jian
  7207 | Bailey   | Reached skill level 1 in Stealth
  7293 | Bailey   | Noticed an orc knight
  7343 | Bailey   | Killed an orc knight
  7344 | Bailey   | Reached skill level 9 in Maces & Flails
  7344 | Bailey   | Reached XP level 10. HP: 40/98 MP: 9/9
  7585 | D:8      | Noticed Joseph
  7604 | D:8      | Killed Joseph
  7605 | D:8      | Reached skill level 1 in Throwing
  7833 | D:8      | Noticed Psyche
  7836 | D:8      | Killed Psyche
  7854 | D:8      | Learned a level 2 spell: Passwall
  7857 | D:8      | Learned a level 2 spell: Wereblood
  7861 | D:8      | Learned a level 3 spell: Ozocubu's Armour
  7920 | D:8      | You fall into a shaft and drop 2 floors!
  7920 | D:10     | Entered Level 10 of the Dungeon
  7924 | D:10     | Noticed a two-headed ogre
  7939 | D:10     | Killed a two-headed ogre
  8110 | D:10     | Noticed Gastronok
  8513 | D:10     | Found a staircase to the Orcish Mines.
  8539 | D:10     | Reached *** piety under Wu Jian
  8555 | D:10     | Reached skill level 10 in Maces & Flails
  9012 | D:9      | Reached **** piety under Wu Jian
  9079 | D:9      | Found Yzaacs's Antique Armour Shop.
  9101 | D:9      | Reached XP level 11. HP: 107/107 MP: 10/10
  9147 | D:9      | Found Hiphuotu's Magic Scroll Shop.
  9154 | D:9      | Bought a scroll of identify for 28 gold pieces
  9154 | D:9      | Bought a scroll of identify for 28 gold pieces
  9154 | D:9      | Bought a scroll of identify for 28 gold pieces
  9490 | D:9      | Found Ziehineu's Book Boutique.
  9581 | D:9      | Found Efileu's Book Shoppe.
  9592 | D:9      | Found Vuve's Armour Shoppe.
  9595 | D:9      | HP: 5/107 [centaur/arrow (1)]
  9598 | D:9      | Shot with an arrow by a centaur

Illustrated notes

Levels and vault maps discovered:
D:1:      dpeg_arrival_tiny_i, layout_basic, serial_co_window_serial,
          co_window_corner_a, co_window_of_opportunity_a, co_window_cross_1,
          co_window_paths_a, co_window_corner_a, co_window_of_opportunity_b,
          co_window_corner_b, co_window_broadway_a, co_window_unsneaky_path_a,
          co_window_paths_e, co_window_paths_d, glass_columns_c,
          glass_columns_a, ebering_ecumenical_altar_petrified
D:2:      layout_rooms, serial_shops, shop, minmay_pentomino_pile, uniq_robin
D:3:      minmay_roachtagon, layout_loops_ring, okawaru_gym_becter, uniq_ijyb
D:4:      layout_cave_pods, overflow_temple_1_default,
          nicolae_ossuary_entry_ruins
D:5:      layout_cave_pools, dancing_weapons_uskayaw,
          mainiacjoe_overflow_catwalk, makhleb_altar_promises_db,
          minmay_temple_entry_statues, chequers_serial_rivers_room_a
D:6:      layout_cave_pools, mainiacjoe_overflow_chevrons, marbit_many_paths,
          serial_shops, nicolae_diamond_shop, uniq_edmund
D:7:      layout_cave_pools
D:8:      layout_gridville, zin_angel, enter_bailey_2, kennysheep_potato,
          uniq_psyche, uniq_joseph
D:9:      layout_roguey [special_room_orc], serial_shops,
          nicolae_shop_behind_doors, shop, kennysheep_little_box, shop, shop,
          minmay_liquid_box, centaur_isle
D:10:     layout_stronghold, zombieorc2_lemuel, nicolae_trove_entry_diagonal,
          uniq_gastronok

Skill      XL: |  1  2  3  4  5  6  7  8  9 10 |
---------------+-------------------------------+-----
Maces & Flails | 2 3 4 5 7 9 10 | 10.5
Dodging        | 3 4 5 6 |  6.4
Shields        | 3 4 5 7 |  7.3
Fighting       | 3 4 5 6 |  6.5
Stealth        | 1 |  1.9
Throwing       | 1 |  1.5

Action                   |  1- 3 |  4- 6 |  7- 9 | 10-12 || total
-------------------------+-------+-------+-------+-------++-------
Melee: Flail             |    22 |       |    47 |       ||    69
       Whip              |   163 |   308 |   154 |       ||   625
       Morningstar       |       |       |   219 |   262 ||   481
Throw: Large rock        |       |     1 |     7 |     7 ||    15
Invok: Lunge             |       |       |    19 |    20 ||    39
       Whirlwind         |       |       |     6 |    11 ||    17
  Use: Potion            |       |     1 |     1 |       ||     2
       Scroll            |       |       |    20 |     8 ||    28
 Stab: Sleeping          |       |       |     4 |     2 ||     6
       Distracted        |       |       |       |     1 ||     1
Armor: Robe              |    57 |    56 |    30 |     5 ||   148
       Animal skin       |       |       |    63 |     1 ||    64
       Skin              |       |       |    15 |       ||    15
       Steam dragon scal |       |       |       |    37 ||    37
Dodge: Dodged            |    85 |    99 |   224 |   120 ||   528
Block: Kite shield       |    72 |   110 |   242 |   144 ||   568

Table legend: (Time is in decaauts)
 A = Elapsed time spent in this place.
 B = Non-inter-level travel time spent in this place.
 C = Inter-level travel time spent in this place.
 D = Time resting spent in this place.
 E = Time spent auto-exploring this place.
 F = Levels seen in this place.
 G = Mean time per level.
                   A        B        C        D        E       F      G
               +--------+--------+--------+--------+--------+-----+--------+
         Total |   9766 |   9605 |    161 |    329 |   3634 |  12 |  813.8 |
       Dungeon |   8484 |   8323 |    161 |    227 |   3457 |  10 |  848.4 |
       Ossuary |    405 |    405 |      0 |      0 |     68 |   1 |  405.0 |
        Bailey |    876 |    876 |      0 |    102 |    109 |   1 |  876.0 |
               +--------+--------+--------+--------+--------+-----+--------+

Top non-repeatable levels by time:
     D:1: 1629 daAuts
     D:3: 1046 daAuts
     D:4: 948 daAuts
     D:9: 903 daAuts
  Bailey: 876 daAuts
    D:10: 802 daAuts
     D:7: 748 daAuts
     D:2: 690 daAuts
     D:6: 642 daAuts
     D:5: 544 daAuts
     D:8: 527 daAuts
 Ossuary: 405 daAuts
